 Dungeon Crawl Stone Soup version 0.28.0-1-gb440e238dd (webtiles) character file.

Game seed: 11520193233291403746

30260 croobank the Cleaver (level 13, -13/131 HPs)
             Began as a Troll Wanderer on Feb 26, 2022.
             Was a High Priest of Nemelex Xobeh.
             Mangled by a cane toad (15 damage)
             ... on level 5 of the Lair of Beasts.
             The game lasted 01:29:23 (13750 turns).

croobank the Cleaver (Troll Wanderer)              Turns: 13750, Time: 01:29:24

Health: -13/131    AC: 11    Str: 34    XL:     13   Next: 19%
Magic:  0/4        EV: 11    Int:  8    God:    Nemelex Xobeh [*****.]
Gold:   890        SH:  0    Dex: 11    Spells: 10/12 levels left

rFire   + + +      SeeInvis .   W - +1 flail (antimagic)
rCold   + . .      Faith    .   (no shield)
rNeg    . . .      Spirit   +   N - +1 acid dragon scales
rPois   +          Reflect  .   E - +2 hat
rElec   .          Harm     .   F - scarf {rC+ rF+}
rCorr   +          Rampage  .   (gloves unavailable)
Will    .....                   (boots unavailable)
Stlth   +.........              G - amulet "Hyicuiroaq" {Spirit rF++ Int+3}
HPRegen 1.11/turn               o - ring of poison resistance
MPRegen 0.09/turn               e - +6 ring of strength

@: no status effects
A: large, unfitting armour, claws 3, regeneration 1, shaggy fur 1, tough skin 1
a: Renounce Religion, Draw Escape, Draw Destruction, Draw Summoning, Triple
Draw, Deal Four, Stack Five


You were on level 5 of the Lair of Beasts.
You worshipped Nemelex Xobeh.
Nemelex Xobeh was extremely pleased with you.
You visited 2 branches of the dungeon, and saw 15 of its levels.
You also visited: Ice Cave.

You collected 890 gold pieces.

Inventory:

Hand Weapons
 a - the +4 war axe of Untimely Demise {drain, rF+ rN+ Stlth+}
   (You found it on level 2 of the Lair of Beasts)

   A truly terrible weapon, it drains the life of any living foe it strikes.
   rF:        It protects you from fire.
   rN:        It protects you from negative energy.
   Stlth:     It makes you more stealthy.
 b - a +5 vorpal hand crossbow
 k - a +2 dagger of venom
 r - a +0 quarterstaff
 z - a +2 antimagic falchion
 B - a +1 short sword of venom
 H - a +4 scimitar
 I - a +1 shortbow of freezing
 P - a +3 short sword of electrocution
 W - a +1 antimagic flail (weapon)
Missiles
 c - 116 bolts
 d - 343 stones (quivered)
 i - 43 sling bullets
 j - 35 poisoned darts
 n - 3 throwing nets
 v - 256 arrows
 y - 7 boomerangs
 K - a curare-tipped dart
Armour
 E - a +2 hat (worn)
 F - a scarf of resistance (worn)
 N - +1 acid dragon scales (worn)
 Q - +0 steam dragon scales
Jewellery
 e - a +6 ring of strength (right claw)
 h - a ring of ice
 o - a ring of poison resistance (left claw)
 q - a ring of magical power
 D - an amulet of reflection
 G - the amulet "Hyicuiroaq" (around neck) {Spirit rF++ Int+3}
   (You took it off a centaur on level 6 of the Dungeon)

   [amulet of guardian spirit]

   It causes incoming damage to be divided between your reserves of health and
   magic.
   Int:       It affects your intelligence (+3).
   rF:        It greatly protects you from fire.
 J - a +4 ring of slaying
 R - a ring of positive energy
 V - an amulet of guardian spirit
Wands
 s - a wand of charming (11)
 u - a wand of flame (9)
Scrolls
 l - 2 scrolls of teleportation
 m - a scroll of fear
 t - 2 scrolls of magic mapping {unknown}
 w - a scroll of immolation {unknown}
 U - a scroll of fog
Potions
 f - a potion of brilliance
 g - a potion of flight
 x - a potion of attraction
 A - 7 potions of ambrosia
 C - 7 potions of curing
 M - 2 potions of cancellation {unknown}
 O - 2 potions of mutation {unknown}
 T - a potion of magic {unknown}
 X - a potion of heal wounds
 Z - a potion of degeneration {unknown}
Miscellaneous
 Y - a box of beasts


   Skills:
 - Level 9.4 Fighting
 - Level 6.5 Short Blades
 + Level 10.7 Axes
 - Level 7.3 Crossbows
 - Level 6.1 Throwing
 - Level 6.4 Dodging
 - Level 0.1 Spellcasting
 - Level 0.1 Conjurations
 - Level 0.1 Air Magic


You had 10 spell levels left.
You knew the following spells:

 Your Spells              Type           Power      Damage    Failure   Level
a - Static Discharge      Conj/Air       0%         N/A       58%         2

Your spell library contained the following spells:

 Spells                   Type           Power      Damage    Failure   Level
 Conjure Flame            Conj/Fire      0%         6-21      83%         3
 Ignite Poison            Fire/Tmut/Pois 0%         N/A       83%         3
 Dispel Undead            Necr           0%         3d6       99%         4
 Sticky Flame             Conj/Fire      0%         2d3       99%         4
 Freezing Cloud           Conj/Ice/Air   0%         6-21      100%        5
 Lightning Bolt           Conj/Air       0%         1d11      100%        5
 Simulacrum               Ice/Necr       0%         N/A       100%        6
 Maxwell's Capacitive Co  Air            0%         ∞         100%        8
 Polar Vortex             Ice            0%         N/A       100%        9


Dungeon Overview and Level Annotations

Branches:
Dungeon (10/15)            Temple (0/1) D:5            Lair (5/6) D:10
 Shoals (0/4) Lair:2       Spider (0/4) Lair:2        IceCv (visited)
  Slime: Lair:5-6       Orc: D:9-12

Altars:
Makhleb
Nemelex Xobeh

Shops:
D:1 (   D:8 =

Annotations:
Lair:3 3 runed translucent doors, zeram's ghost, journeyman GrFi


Innate Abilities, Weirdness & Mutations

You are too large for most types of armour.
You have claws for hands.
Your natural rate of healing is unusually fast.
You are covered in fur. (AC +1)
You have tough skin. (AC +1)


Message History

Fire whirls out the water moccasin's tail!
You kill the water moccasin!
The six-headed hydra seems frightened for a moment!!
The six-headed hydra is drained!
The water moccasin is blasted with fire!
You feel a surge of magic.
You feel your power returning. The eight-headed hydra bites you.
The eight-headed hydra bites you!
* * * LOW HITPOINT WARNING * * *
The eight-headed hydra bites you.
* * * LOW HITPOINT WARNING * * *
The eight-headed hydra bites you but does no damage.
The eight-headed hydra bites you!
* * * LOW HITPOINT WARNING * * *
The eight-headed hydra bites you.
* * * LOW HITPOINT WARNING * * *
The eight-headed hydra bites you but does no damage.
The eight-headed hydra bites you!
* * * LOW HITPOINT WARNING * * *
Croobank's illusion hits the six-headed hydra!
Okay, then.
You draw a card...
You have drawn the Cloud.
Clouds appear around you!
The eight-headed hydra bites you but does no damage.
The eight-headed hydra bites you.
* * * LOW HITPOINT WARNING * * *
The eight-headed hydra bites you.
* * * LOW HITPOINT WARNING * * *
The eight-headed hydra bites you.
* * * LOW HITPOINT WARNING * * *
The eight-headed hydra bites you!
* * * LOW HITPOINT WARNING * * *
The eight-headed hydra bites you but does no damage.
The eight-headed hydra closely misses you.
The eight-headed hydra misses you.
Something barely misses croobank's illusion.
Something misses croobank's illusion.
Something bites croobank's illusion!
Something bites croobank's illusion.
Something bites croobank's illusion!
Something closely misses croobank's illusion.
Something bites croobank's illusion.
The cane toad stings you!
You die...
Your body glows with a rainbow of weird colours and disappears.

#.....P.#
##.##.8.## #...#.#
###### #....###
#.#....# ###..S§#
##..§## ##§D@##
#.§§#D######
###.F@##...#
#..###...#
###.#...## ###
#.##..# ### ##..
#..#..# #.###...
##....# ###.......
#.....###.#.......
##...#.#.#.....PP.
#P...#......P....


You could see an eight-headed hydra (ally target), a cane toad and the friendly
croobank's illusion (summoned).

Vanquished Creatures
  A hydra (Lair:5)
  A two-headed ogre (D:9)
  4 death yaks (Lair:4)
  4 lindwurms (Lair:2)
  14 elephants
  3 black mambas
  5 cane toads
  Maggie (D:7)
  A freezing wraith (IceCv)
  6 komodo dragons
  2 ice devils (Lair:2)
  A queen bee (Lair:3)
  4 blink frogs (Lair:2)
  2 polar bears
  A snapping turtle (Lair:2)
  4 basilisks
  25 yaks
  5 wyverns
  2 steam dragons
  A death yak simulacrum (IceCv)
  2 vampire mosquitoes (D:9)
  Menkaure (D:6)
  18 water moccasins
  2 orc warriors
  A sky beast (D:8)
  A hornet zombie (D:8)
  A black bear (D:4)
  12 wolves
  7 centaurs
  3 ogres
  A phantom (D:5)
  16 bullfrogs
  3 kobold brigands
  A scorpion (D:6)
  3 cane toad simulacra (IceCv)
  15 killer bees
  2 howler monkeys
  2 centaur zombies
  A jelly (D:5)
  A lava snake (Lair:3)
  2 hounds (D:6)
  A bullfrog zombie (D:6)
  2 orc priests (D:6)
  6 orc wizards
  5 iguanas
  A polar bear simulacrum (IceCv)
  2 wolf simulacra (IceCv)
  5 adders
  4 gnolls (D:3)
  A shadow imp (D:6)
  2 white imps
  An ufetubus (D:4)
  3 worms
  A dart slug (D:2)
  29 orcs
  10 ball pythons
  6 bats
  6 endoplasms
  2 giant cockroaches (D:1)
  4 goblins
  5 hobgoblins
  3 jackals (D:4)
  19 kobolds
  7 rats
307 creatures vanquished.

Vanquished Creatures (collateral kills)
  2 komodo dragons
  3 yaks (Lair:1)
  A centaur (D:6)
  A bullfrog (Lair:2)
  7 killer bees (Lair:3)
  An orc (D:6)
  A butterfly (Lair:5)
16 creatures vanquished.

Vanquished Creatures (others)
  An adder (D:4)
  An endoplasm (D:3)
  19 fungi
  30 plants
51 creatures vanquished.

Grand Total: 374 creatures vanquished

Notes
Turn   | Place    | Note
-------+----------+-------------------------------------------
     0 | D:1      | croobank the Troll Wanderer began the quest for the Orb.
     0 | D:1      | croobank set off with the following items: a +1 hand
                  | crossbow, a +2 robe, 25 bolts
     0 | D:1      | Reached XP level 1. HP: 23/23 MP: 0/0
   123 | D:1      | Found Waxeow's Weapon Shoppe.
   136 | D:1      | Reached XP level 2. HP: 31/31 MP: 1/1
   514 | D:1      | Found a faded altar of an unknown god.
   664 | D:2      | Reached XP level 3. HP: 37/37 MP: 2/2
  1399 | D:3      | Reached XP level 4. HP: 25/48 MP: 3/3
  1520 | D:3      | Noticed a steam dragon
  1554 | D:3      | Killed a steam dragon
  1555 | D:3      | Reached XP level 5. HP: 27/54 MP: 4/4
  1702 | D:3      | Reached XP level 6. HP: 57/62 MP: 5/5
  1943 | D:3      | Found a sparkling altar of Nemelex Xobeh.
  1948 | D:3      | Became a worshipper of Nemelex Xobeh the Trickster
  2343 | D:4      | Reached XP level 7. HP: 59/71 MP: 6/6
  2950 | D:5      | Entered Level 5 of the Dungeon
  3014 | D:5      | Reached * piety under Nemelex Xobeh
  3016 | D:5      | Found a staircase to the Ecumenical Temple.
  3812 | D:6      | Reached skill level 5 in Fighting
  3847 | D:6      | Noticed Menkaure
  3856 | D:6      | Killed Menkaure
  3857 | D:6      | Reached skill level 5 in Dodging
  3857 | D:6      | Reached XP level 8. HP: 74/80 MP: 7/7
  4106 | D:6      | Received a gift from Nemelex Xobeh
  4129 | D:6      | Identified the amulet "Hyicuiroaq" {Spirit rF++ Int+3}
  4429 | D:6      | Reached skill level 5 in Throwing
  5224 | D:6      | Reached XP level 9. HP: 56/89 MP: 8/8
  5568 | D:7      | Learned a level 2 spell: Static Discharge
  5572 | D:7      | Noticed Maggie
  5585 | D:7      | Killed Maggie
  5647 | D:7      | Reached ** piety under Nemelex Xobeh
  6046 | D:8      | Found a burning altar of Makhleb.
  6657 | D:8      | Found Hutufr Ronuw's Jewellery Shop.
  7065 | D:9      | Noticed a two-headed ogre
  7070 | D:9      | Killed a two-headed ogre
  7071 | D:9      | Reached skill level 5 in Crossbows
  7132 | D:9      | Reached XP level 10. HP: 53/102 MP: 8/9
  7206 | D:10     | Entered Level 10 of the Dungeon
  7206 | D:10     | Found a staircase to the Lair.
  7241 | Lair:1   | Entered Level 1 of the Lair of Beasts
  7681 | Lair:1   | Reached *** piety under Nemelex Xobeh
  7861 | Lair:1   | Received a gift from Nemelex Xobeh
  8256 | Lair:1   | Noticed a black mamba
  8263 | Lair:1   | Killed a black mamba
  8528 | Lair:2   | Noticed a cane toad
  8535 | Lair:2   | Killed a cane toad
  8646 | Lair:2   | Found a frozen archway.
  8662 | Lair:2   | Reached XP level 11. HP: 79/113 MP: 10/10
  8687 | Lair:2   | Reached skill level 5 in Short Blades
  8777 | IceCv    | Entered an ice cave
  9653 | Lair:2   | Found a staircase to the Shoals.
  9865 | Lair:2   | Found a hole to the Spider Nest.
 10047 | Lair:2   | Reached **** piety under Nemelex Xobeh
 10186 | Lair:2   | Noticed a lindwurm
 10186 | Lair:2   | Noticed a lindwurm
 10188 | Lair:2   | Noticed a lindwurm
 10189 | Lair:2   | Noticed a lindwurm
 10213 | Lair:2   | Killed a lindwurm
 10224 | Lair:2   | Killed a lindwurm
 10231 | Lair:2   | Killed a lindwurm
 10236 | Lair:2   | Killed a lindwurm
 10258 | Lair:2   | Identified the +4 war axe of Untimely Demise {drain, rF+
                  | rN+ Stlth+}
 10272 | Lair:2   | Identified the +0 scale mail of Midnight {rPois}
 10273 | Lair:2   | Identified the +0 scale mail of Death's Door {rF+ Int+5}
 10377 | Lair:3   | Reached skill level 1 in Axes
 10437 | Lair:3   | Reached skill level 2 in Axes
 10526 | Lair:3   | Reached skill level 3 in Axes
 10529 | Lair:3   | Reached skill level 4 in Axes
 10529 | Lair:3   | Reached XP level 12. HP: 47/124 MP: 5/11
 10863 | Lair:2   | Reached skill level 5 in Axes
 10882 | Lair:3   | Received a gift from Nemelex Xobeh
 11056 | Lair:3   | Reached skill level 6 in Axes
 11208 | Lair:3   | Found a runed translucent gate.
 11208 | Lair:3   | Found a runed translucent gate.
 11208 | Lair:3   | Found a runed translucent gate.
 11208 | Lair:3   | Noticed zeram's ghost (journeyman GrFi)
 11320 | Lair:3   | Received a gift from Nemelex Xobeh
 11351 | Lair:3   | Reached skill level 7 in Axes
 11389 | Lair:3   | Identified the +0 quarterstaff of Income {venom, Str+2
                  | Int+4 Dex+4}
 11840 | Lair:4   | Reached ***** piety under Nemelex Xobeh
 11929 | Lair:4   | Received a gift from Nemelex Xobeh
 12023 | Lair:4   | Noticed a death yak
 12035 | Lair:4   | Reached skill level 8 in Axes
 12042 | Lair:4   | Killed a death yak
 12054 | Lair:4   | Noticed a death yak
 12054 | Lair:4   | Noticed a death yak
 12080 | Lair:4   | Killed a death yak
 12080 | Lair:4   | Noticed a death yak
 12094 | Lair:4   | Killed a death yak
 12100 | Lair:4   | Killed a death yak
 12101 | Lair:4   | Reached skill level 9 in Axes
 13043 | Lair:5   | Received a gift from Nemelex Xobeh
 13129 | Lair:5   | Reached XP level 13. HP: 95/131 MP: 12/12
 13131 | Lair:5   | Reached skill level 10 in Axes
 13538 | Lair:5   | Received a gift from Nemelex Xobeh
 13749 | Lair:5   | HP: 1/131 [eight-headed hydra (9)]
 13750 | Lair:5   | Mangled by a cane toad

Illustrated notes

Levels and vault maps discovered:
D:1:      dpeg_arrival_renting, layout_rooms, serial_shops,
          nicolae_shop_window_shopping, shapermc_ecumenical_altar_hornbeckon
D:2:      layout_basic, serial_glass, glass_columns_a, glass_columns_a
D:3:      layout_rooms, nemelex_spade_bored_becter
D:4:      layout_loops_ring, kennysheep_cluttered_room, minmay_checkerbox
D:5:      layout_loops_cross, minmay_temple_entry_statues_fountains,
          minmay_misc_feat_secret_circle, abandoned_shop
D:6:      layout_basic, serial_curves, eino_curves_03, eino_curves_02,
          eino_curves_02, eino_curves_04, grunt_ministairs_13, grunt_decor_cap,
          centaur_isle, uniq_menkaure
D:7:      layout_loops_ring, uniq_maggie
D:8:      layout_loops_ring, bloody_makhleb, nicolae_inconvenience_store,
          grunt_decor_clamped, hex_medium, corexii_hall_statues_s
D:9:      layout_basic
D:10:     layout_basic, minmay_lair_entry_grove, orc_david_3
Lair:1:   layout_cave_pods, grunt_megastairs_5
Lair:2:   wander_river, layout_long_grid, minmay_shoals_entry_hut,
          spider_nest_entry_web_field, portal_ice_cave_demonic_guard,
          minivault_11, minmay_lindwurm_lava, serial_bayou_shore_b
Lair:3:   layout_gridlike, ebering_ghost_rock_garden, special_room
          [special_room_bee], chequers_serial_rivers_small_3, grunt_megastairs_4
Lair:4:   layout_cave_pods, grunt_megastairs_3
Lair:5:   layout_cave_pods, dpeg_slime_entry_enclosed_altar, grunt_megastairs_2,
          lemuel_fruit_fields

Skill      XL: |  1  2  3  4  5  6  7  8  9 10 11 12 13 |
---------------+----------------------------------------+-----
Throwing       | 2 3 4 5 6 |  6.1
Fighting       | 4 5 6 7 8 9 |  9.4
Crossbows      | 2 3 4 5 6 7 |  7.3
Dodging        | 4 5 6 |  6.4
Short Blades   | 2 4 6 |  6.5
Axes           | 4 9 10 | 10.7
Spellcasting   | |  0.1
Conjurations   | |  0.1
Air Magic      | |  0.1

Action                   |  1- 3 |  4- 6 |  7- 9 | 10-12 | 13-15 || total
-------------------------+-------+-------+-------+-------+-------++-------
Melee: Dagger            |    31 |    81 |    25 |       |       ||   137
       Punch             |       |     1 |     4 |    17 |     3 ||    25
       Short sword       |       |       |   196 |   364 |       ||   560
       War axe           |       |       |       |   362 |    49 ||   411
       Flail             |       |       |       |       |     5 ||     5
 Fire: Hand crossbow     |    60 |     5 |   125 |    70 |     4 ||   264
Throw: Stone             |     7 |       |       |       |       ||     7
Invok: Draw Destruction  |       |       |     9 |     9 |     4 ||    22
       Draw Summoning    |       |       |     1 |     3 |     2 ||     6
       Draw Escape       |       |       |     1 |     1 |     1 ||     3
Evoke: Wand              |       |       |       |     8 |       ||     8
  Use: Scroll            |     4 |     1 |     8 |    13 |       ||    26
       Potion            |       |     5 |     2 |     5 |       ||    12
 Stab: Paralysed         |       |       |       |     2 |       ||     2
       Sleeping          |       |       |       |     3 |       ||     3
Armor: Robe              |    21 |    29 |    78 |       |       ||   128
       Skin              |       |    52 |       |       |       ||    52
       Acid dragon scale |       |       |    26 |   373 |    45 ||   444
Dodge: Dodged            |    27 |    55 |   158 |   483 |    42 ||   765
Block: Other             |       |       |     7 |       |       ||     7
       Reflection        |       |       |     1 |       |       ||     1
